 Dungeon Crawl Stone Soup version 0.30-a0-989-g0d87f670db (webtiles) character file.

Game seed: 15303982528165976113

319 DeathPants the Slasher (level 6, 0/33 HPs)
             Began as a Vine Stalker Monk on Apr 3, 2023.
             Succumbed to a scorpion's poison
             ... on level 3 of the Dungeon.
             The game lasted 00:10:04 (2633 turns).

DeathPants the Slasher (Vine Stalker Monk)          Turns: 2633, Time: 00:10:05

Health: 0/33       AC:  5    Str:  8 (11) XL:     6   Next: 45%
Magic:  2/11       EV: 12    Int: 19 (22) God:
Gold:   168        SH:  0    Dex: 12 (15) Spells: 6/10 levels left

rFire   . . .      SeeInvis .    a - +0 falchion
rCold   . . .      Faith    .    (no shield)
rNeg    . . .      Spirit   +    t - +0 troll leather armour {Pargi}
rPois   .          Reflect  .    (helmet restricted)
rElec   .          Rampage  .    d - +0 cloak
rCorr   .                        (no gloves)
Will    .....                    (no boots)
Stlth   ++                       (no amulet)
HPRegen 1.85/turn                k - +6 ring of intelligence
MPRegen 0.12/turn                (no ring)

@: lethally poisoned (0 -> -1), hasted, very quick
A: fangs 2, regeneration 1, magic shield, antimagic bite, no potion heal 2,
antennae 1, clever 1, weak 1
a: no special abilities


You were on level 3 of the Dungeon.
You visited 1 branch of the dungeon, and saw 4 of its levels.
You also visited: Sewer.

You collected 168 gold pieces.

Inventory:

Hand Weapons
 a - a +0 falchion (weapon)
Missiles
 p - 7 javelins (quivered)
Armour
 d - a +0 cloak (worn)
 e - a +0 buckler
 f - a +0 helmet
 t - a +0 troll leather armour (worn) {Pargi}
Jewellery
 k - a +6 ring of intelligence (left hand)
Scrolls
 g - 2 scrolls of teleportation {unknown}
 i - a scroll of enchant armour {unknown}
 j - a scroll of fog {unknown}
 l - a scroll of vulnerability {unknown}
 n - a scroll of amnesia {unknown}
 r - a scroll of torment {unknown}
 s - a scroll of magic mapping {unknown}
Potions
 c - a potion of attraction
 h - a potion of might


   Skills:
 + Level 3.9 Fighting
 + Level 3.9 Long Blades
 - Level 3.5 Dodging
 - Level 2.4 Stealth
 + Level 2.8 Spellcasting
 + Level 0.0 Hexes
 + Level 0.1 Necromancy


You had 6 spell levels left.
You knew the following spells:

 Your Spells              Type           Power      Damage    Failure   Level
a - Anguish               Hex/Necr       1%         N/A       91%         4

Your spell library contained the following spells:

 Spells                   Type           Power      Damage    Failure   Level
 Ensorcelled Hibernation  Hex/Ice        4%         N/A       34%         2
 Lesser Beckoning         Tloc           4%         N/A       34%         2
 Gell's Gravitas          Tloc           2%         N/A       56%         3
 Spider Form              Tmut/Pois      2%         N/A       56%         3
 Teleport Other           Tloc           2%         N/A       56%         3
 Vhi's Electric Charge    Tloc/Air       4%         N/A       56%         3
 Arcjolt                  Conj/Air       1%         1d11      99%         5
 Maxwell's Capacitive Co  Air            1%         ∞         100%        8


Dungeon Overview and Level Annotations

Branches:
Dungeon (4/15)              Sewer (visited)
 Temple: D:4-7

Altars:

Shops:
D:2 =


Innate Abilities, Weirdness & Mutations

You have extremely sharp teeth.
Your natural rate of healing is unusually fast.
When hurt, damage is shared between your health and your magic reserves.
Your bite disrupts and absorbs the magic of your enemies.
Potions cannot restore your health.
You have a pair of small antennae on your head.
Your mind is acute. (Int +4, Str/Dex -1)
You are weak. (Str -2)


Message History

You slash the orc!
You kill the orc!
You feel sick. The scorpion stings you.
You are more poisoned.
The scorpion poisons you! The orc closely misses you.
The orc hits you from afar with a +0 trident.
You hit the scorpion.
The scorpion is lightly wounded.
You feel very sick. The scorpion stings you.
* * * LOW HITPOINT WARNING * * *
You are lethally poisoned!
The scorpion poisons you! The orc misses you.
The orc hits you but does no damage. The scorpion closely misses you.
It was a potion of haste.
You feel yourself speed up.
* * * LOW HITPOINT WARNING * * *
You feel very sick.
The scorpion stings you but does no damage.
The orc hits you but does no damage. The orc barely misses you.
It was a potion of mutation.
You feel extremely strange.
You feel weaker. A pair of antennae grows on your head!
Your +0 helmet falls away!
You feel clever.
* * * LOW HITPOINT WARNING * * *
You feel sick. The scorpion barely misses you.
It was a potion of degeneration.
There was something very wrong with that liquid.
You feel weakened.
You feel dopey.
You feel clumsy.
* * * LOW HITPOINT WARNING * * *
You feel very sick. The orc barely misses you. x2
You hit the scorpion.
The scorpion is lightly wounded.
* * * LOW HITPOINT WARNING * * *
You feel very sick. The scorpion stings you. The orc barely misses you.
The orc closely misses you.
You hit the scorpion but do no damage.
You bite the scorpion, but do no damage.
The scorpion is lightly wounded.
You die...

### #@#
#o)s.#
...o.....
.........###
###.##....#
#. #.#### #
#.# # .#
##+# #. #.#
##...##
.###.###


You could see a scorpion and 2 orcs.

Vanquished Creatures
  Pargi (Sewer)
  Crazy Yiuf (D:2)
  8 adders
  4 river rats (D:3)
  3 worms
  5 orcs
  3 ball pythons
  11 bats
  3 endoplasms (D:1)
  4 giant cockroaches
  3 goblins
  6 hobgoblins
  4 jackals (D:1)
  7 quokkas
  2 frilled lizards (D:1)
  2 kobolds (D:2)
  5 rats
72 creatures vanquished.

Notes
Turn   | Place    | Note
-------+----------+-------------------------------------------
     0 | D:1      | DeathPants the Vine Stalker Monk began the quest for the
                  | Orb.
     0 | D:1      | Reached XP level 1. HP: 11/11 MP: 2/2
   112 | D:1      | Reached XP level 2. HP: 8/16 MP: 3/3
   337 | D:2      | Found Niun's Jewellery Emporium.
   430 | D:1      | Reached skill level 1 in Spellcasting
   561 | D:1      | Reached XP level 3. HP: 12/20 MP: 5/5
  1107 | D:1      | Found a faded altar of an unknown god.
  1286 | D:2      | Found a runed translucent door.
  1287 | D:2      | Noticed Crazy Yiuf
  1500 | D:2      | Gained mutation: Your natural rate of healing is unusually
                  | fast. [Vine Stalker growth]
  1500 | D:2      | Reached XP level 4. HP: 16/24 MP: 5/7
  1839 | D:2      | Killed Crazy Yiuf
  1840 | D:2      | Reached XP level 5. HP: 21/28 MP: 4/9
  2093 | D:3      | Found a glowing drain.
  2099 | Sewer    | Entered a sewer
  2158 | Sewer    | Noticed Pargi
  2172 | Sewer    | Killed Pargi
  2173 | Sewer    | Reached XP level 6. HP: 33/33 MP: 8/11
  2496 | D:3      | Learned a level 4 spell: Anguish
  2630 | D:3      | Gained mutation: You are weak. (Str -2) [potion of
                  | mutation]
  2630 | D:3      | Gained mutation: You have a pair of small antennae on your
                  | head. [potion of mutation]
  2630 | D:3      | Gained mutation: Your mind is acute. (Int +4, Str/Dex -1)
                  | [potion of mutation]
  2632 | D:3      | HP: 1/33 [poisoned by a scorpion]
  2633 | D:3      | Succumbed to a scorpion's poison

Illustrated notes

Levels and vault maps discovered:
D:1:      nzn_arrival_settlement, layout_basic,
          dreamdust_ecumenical_altar_hidden_monk_grotto,
          chequers_decorated_corner, minmay_strange_pillars
D:2:      layout_basic, serial_shops, nicolae_shop_competitors_out_of_business,
          uniq_crazy_yiuf_cottage
D:3:      layout_loops_corners, marbit_many_paths, lightli_sewer_entry_pipes
D:4:      layout_layer_cave, serial_shops, nicolae_shop_bloodbath_and_beyond,
          chequers_serial_rivers_small_b, uniq_grinder

Skill      XL: |  1  2  3  4 |
---------------+-------------+-----
Spellcasting   | 1 2 |  2.8
Fighting       | 3 |  3.9
Long Blades    | 3 |  3.9
Dodging        | 3 |  3.5
Stealth        | |  2.4
Necromancy     | |  0.1

Action                     |  1- 3 |  4- 6 || total
---------------------------+-------+-------++-------
  Melee: Falchion          |   115 |   158 ||   273
         Bite              |    20 |    32 ||    52
         Punch             |       |     3 ||     3
    Use: Scroll            |       |     3 ||     3
         Potion            |       |     5 ||     5
   Stab: Sleeping          |     3 |     2 ||     5
 Armour: Robe              |    47 |       ||    47
         Ring mail         |       |    92 ||    92
         Troll leather arm |       |    10 ||    10
  Dodge: Dodged            |    97 |   164 ||   261

Table legend: (Time is in decaauts)
 A = Elapsed time spent in this place.
 B = Non-inter-level travel time spent in this place.
 C = Inter-level travel time spent in this place.
 D = Time resting spent in this place.
 E = Time spent auto-exploring this place.
 F = Levels seen in this place.
 G = Mean time per level.
                   A        B        C        D        E       F      G
               +--------+--------+--------+--------+--------+-----+--------+
         Total |   2734 |   2664 |     70 |    164 |   1501 |   5 |  546.8 |
       Dungeon |   2415 |   2345 |     70 |      6 |   1476 |   4 |  603.8 |
         Sewer |    319 |    319 |      0 |    158 |     25 |   1 |  319.0 |
               +--------+--------+--------+--------+--------+-----+--------+

Top non-repeatable levels by time:
     D:1: 1228 daAuts
     D:2: 713 daAuts
     D:3: 449 daAuts
   Sewer: 319 daAuts
     D:4: 24 daAuts
